Map: Alcyone LE

Players

Ukko

  • Race: Zerg Zerg
  • Spawn Location: 7:00

NightMare - Winner!

  • Race: Protoss Protoss
  • Spawn Location: 1:00

Event: ESL SC2 Masters 2023 Winter (Finals)

VOD

Have the link to the VOD?

Description

Time

  • Played on: Dec. 15, 2023, 10:03 a.m.
  • Length: 10:32

All games in this series

Show
View Real Time Build Order
Export as new Build Order

Ukko Zerg 

Build Orders: Hatch First 

Get SALT Encoding   

  12  0:00  Drone  
  13  0:12  Overlord  
  13  0:16  Drone  
  14  0:30  Drone x2  
  16  0:49  Hatchery  
  15  0:53  Drone  
  17  0:57  Drone  
  17  1:00  Drone  
  18  1:07  Extractor  
  17  1:15  Spawning Pool  
  17  1:18  Drone  
  17  1:25  Drone  
  17  1:29  Drone  
  19  1:38  Drone  
  20  1:48  Overlord  
  20  2:02  Queen x2  
  20  2:03  Zergling x2  
  20  2:04  Drone  
  26  2:11  Drone  
  26  2:13  Drone  
  28  2:16  Metabolic Boost  
  28  2:21  Drone  
  30  2:22  Drone  
  30  2:36  Hatchery  
  29  2:42  Queen  
  31  2:47  Overlord  
  31  2:50  Drone  
  32  2:52  Drone  
  32  2:54  Drone  
  32  2:57  Drone  
  35  2:58  Drone  
  35  3:04  Queen  
  38  3:10  Zergling x2  
  38  3:11  Zergling x4  
  41  3:16  Overlord  
  41  3:18  Drone  
  42  3:20  Drone x2  
  44  3:29  Overlord  
  44  3:34  Queen  
  44  3:39  Drone x3  
  44  3:40  Queen  
  51  3:46  Overlord  
  51  3:51  Drone x4  
  55  3:55  Drone  
  55  3:56  Drone x2  
  55  4:01  Roach Warren  
  57  4:03  Overlord  
  57  4:05  Zergling x2  
  57  4:08  Zergling x4  
  60  4:13  Zergling x6  
  60  4:16  Extractor  
  62  4:21  Zergling x10  
  67  4:26  Zergling x6  
  67  4:28  Zergling x2  
  71  4:31  Queen  
  71  4:36  Overlord  
  73  4:41  Roach x2  
  73  4:45  Overlord  
  77  4:48  Roach x2  
  77  4:51  Spore Crawler  
  80  4:57  Overlord x2  
  80  4:59  Overlord  
  79  5:04  Roach  
  81  5:08  Spore Crawler  
  81  5:12  Lair  
  81  5:14  Drone x2  
  82  5:16  Roach  
  82  5:18  Drone  
  85  5:25  Roach x3  
  91  5:33  Roach x2  
  91  5:35  Zergling x6  
  98  5:39  Zergling x4, Roach  
  102  5:43  Roach  
  102  5:44  Zergling x2  
  105  5:50  Zergling x6, Roach  
  105  5:56  Extractor, Overlord x2  
  109  6:00  Drone x2  
  109  6:01  Drone  
  112  6:09  Drone x2  
  113  6:12  Glial Reconstitution  
  113  6:16  Drone x4, Baneling Nest  
  116  6:23  Drone x4  
  116  6:25  Drone  
  121  6:26  Overseer  
  121  6:28  Drone x2  
  122  6:34  Overlord x2  
  122  6:40  Drone x3  
  122  6:43  Extractor  
  122  6:44  Extractor  
  122  6:45  Drone  
  122  6:46  Extractor  
  123  6:48  Drone x4  
  127  7:02  Zergling x4, Roach x3  
  129  7:12  Roach x5  
  129  7:13  Roach  
  113  7:19  Roach x3  
  113  7:25  Roach x2  
  98  7:40  Zergling x4, Roach x7  
  93  7:52  Zergling x4, Roach x3  
  99  7:59  Roach x3  
  102  8:09  Zergling x4, Roach x3  
  108  8:13  Zergling x4, Roach  
  108  8:19  Roach x2  
  111  8:20  Zergling x6  
  111  8:24  Roach  
  110  8:28  Roach  
  110  8:32  Roach  
  107  8:40  Zergling x6, Roach x3  
  104  8:56  Centrifugal Hooks  
  104  8:58  Drone x7  
  104  9:01  Hatchery  
  108  9:07  Extractor  
  107  9:14  Roach x6  
  109  9:24  Baneling Nest  
  109  9:25  Evolution Chamber  
  109  9:26  Roach x8  
  124  9:32  Baneling x4  
  124  9:34  Roach  
  126  9:39  Zergling x2, Roach x3  
  126  9:45  Zergling x2, Drone  
  128  9:46  Zergling x6  
  128  9:52  Zergling x6  
  127  10:04  Zergling x4  
  103  10:13  Zergling x6  
Show
View Real Time Build Order
Export as new Build Order

NightMare Protoss - Winner!

Build Orders: 1 Gate Expand, Mass Adepts 

Get SALT Encoding   

  12  0:01  Probe  
  13  0:13  Probe  
  14  0:18  Pylon  
  14  0:25  Probe (Chrono Boost)  
  15  0:37  Probe (Chrono Boost)  
  15  0:38  Gateway  
  16  0:46  Probe (Chrono Boost)  
  16  0:47  Assimilator  
  17  0:51  Probe  
  18  1:04  Probe  
  19  1:16  Probe  
  20  1:23  Nexus  
  20  1:33  Cybernetics Core  
  20  1:36  Probe  
  21  1:41  Assimilator  
  21  1:48  Probe  
  21  1:51  Pylon  
  22  2:00  Probe  
  23  2:08  Adept (Chrono Boost)  
  23  2:12  Probe, Warp Gate  
  26  2:23  Twilight Council  
  26  2:24  Probe  
  27  2:30  Stalker  
  27  2:35  Probe (Chrono Boost)  
  31  2:42  Probe (Chrono Boost)  
  31  2:46  Probe (Chrono Boost)  
  31  2:50  Probe (Chrono Boost)  
  31  2:51  Probe (Chrono Boost)  
  33  2:52  Robotics Facility  
  33  2:55  Resonating Glaives (Chrono Boost)  
  34  3:01  Probe  
  34  3:02  Probe  
  36  3:09  Gateway  
  36  3:17  Adept  
  38  3:21  Gateway  
  38  3:25  Gateway  
  38  3:31  Probe x2  
  40  3:36  Warp Prism (Chrono Boost)  
  42  3:44  Pylon  
  42  3:49  Pylon  
  42  3:52  Probe x2  
  44  4:01  Adept  
  46  4:04  Probe x2  
  46  4:05  Observer, Adept  
  51  4:11  Assimilator  
  51  4:13  Assimilator  
  51  4:16  Probe x2  
  53  4:22  Pylon  
  53  4:27  Adept x4  
  53  4:28  Probe  
  62  4:40  Probe  
  62  4:41  Probe  
  62  4:44  Robotics Bay  
  64  4:52  Adept x2, Probe  
  69  4:53  Probe  
  69  4:55  Pylon x2  
  70  5:13  Probe x2  
  72  5:15  Adept x4  
  80  5:27  Nexus  
  80  5:28  Disruptor (Chrono Boost), Pylon  
  80  5:33  Gravitic Drive  
  84  5:46  Adept x3  
  84  5:48  Pylon x2  
  90  5:51  Adept  
  92  6:02  Probe x2, Pylon  
  94  6:06  Disruptor (Chrono Boost)  
  98  6:16  Adept x4  
  98  6:17  Probe  
  98  6:18  Probe  
  108  6:23  Gateway  
  108  6:30  Gateway  
  108  6:40  Gateway  
  108  6:43  Adept x3  
  108  6:45  Adept  
  116  6:53  Probe x2  
  118  6:54  Pylon  
  118  6:55  Pylon, Probe  
  119  7:06  Adept x4  
  119  7:07  Blink (Chrono Boost)  
  121  7:13  Probe x3  
  106  7:27  Probe x3  
  107  7:36  Adept x7  
  117  7:39  Probe x3  
  110  7:55  Forge  
  110  8:08  Adept x7  
  106  8:15  Adept x7  
  112  8:21  Probe x3  
  107  8:31  Stalker  
  107  8:32  Assimilator, Stalker  
  107  8:33  Assimilator  
  107  8:34  Charge (Chrono Boost)  
  101  8:35  Protoss Ground Weapons Level 1 (Chrono Boost)  
  101  8:36  Nexus  
  91  8:41  Stalker x2  
  91  8:42  Stalker x3  
  91  8:46  Disruptor (Chrono Boost)  
  91  8:48  Gateway x2, Pylon  
  93  8:51  Gateway  
  97  8:55  Shield Battery  
  97  8:58  Stalker x2  
  101  9:06  Stalker x3  
  107  9:16  Stalker x2  
  110  9:19  Probe  
  110  9:20  Probe x2  
  113  9:27  Stalker x2  
  113  9:30  Stalker x2  
  121  9:32  Stalker  
  117  9:48  Stalker  
  117  9:49  Stalker  
  117  9:50  Stalker x3  
  117  9:52  Stalker  
  121  10:07  Stalker x4  
  121  10:12  Stalker x2  
  121  10:13  Stalker x2  
  131  10:28  Stalker  
  131  10:29  Stalker  
Tags
 
Add a new tag
Caveats
  • Supply blocks, unpowered buildings, or Contaminate may cause inaccurate times.
  • Supply counts are checked every 10 seconds.